 Dungeon Sprint DCSS version 0.31-a0-115-g4708a659fe (webtiles) character file.

Game seed: 8246683607099578357

8403 Conn the Scorcher (level 11, -5/63 HPs)
             Began as an Octopode Fire Elementalist on May 29, 2023.
             Was a High Priest of Sif Muna.
             Slain by an unseen horror (12 damage)
             ... in the Dungeon (Sprint I: "Red Sonja").
             The game lasted 00:15:04 (2152 turns).

Conn the Scorcher (Octopode Fire Elementalist)      Turns: 2152, Time: 00:15:05

Health: -5/63      AC:  1    Str:  7    XL:     11   Next: 30%
Magic:  15/28      EV: 15    Int: 23    God:    Sif Muna [*****.]
Gold:   535        SH:  0    Dex: 12    Spells: 21/37 levels left

rFire   . . .        g - +0 dagger
rCold   . . .        (no shield)
rNeg    . . .        (helmet restricted)
rPois   .            (no amulet)
rElec   .            (no ring)
rCorr   .            (no ring)
SInv    .            (no ring)
Will    .....        (no ring)
Stlth   +++          (no ring)
HPRegen 0.00/turn    (no ring)
MPRegen 0.21/turn    (no ring)
                     (no ring)

%: no teleportation
@: inhibited regen, unable to drink
A: almost no armour, amphibious, 8 rings, camouflage 1, gelatinous body 1,
(nimble swimmer 1), tentacles, inhibited regeneration, inability to drink after
injury 1
a: Renounce Religion, Channel Magic, Forget Spell, Divine Exegesis


You were in the Dungeon.
You worshipped Sif Muna.
Sif Muna was extremely pleased with you.
You visited 1 branch You collected 1055 gold pieces.
You spent 520 gold pieces at shops.

Inventory:

Hand Weapons
 g - a +0 dagger (weapon)
 j - a +0 dagger of venom
 m - a +2 orcbow of draining
Missiles
 k - 2 curare-tipped darts (quivered)
Scrolls
 e - a scroll of acquirement
 f - a scroll of blinking
 i - a scroll of enchant weapon {unknown}
Potions
 a - 2 potions of magic
 b - 4 potions of curing
 c - a potion of heal wounds
 d - 2 potions of haste
 h - a potion of berserk rage
 l - a potion of mutation {unknown}


   Skills:
 + Level 1.0 Fighting
 + Level 0.3 Short Blades
 + Level 1.6 Throwing
 + Level 5.9 Dodging
 - Level 2.6 Stealth
 + Level 5.1 Unarmed Combat
 + Level 13.7 Spellcasting
 * Level 12.7 Conjurations
 - Level 4.2 Hexes
 + Level 16.2 Fire Magic
 * Level 5.5 Invocations
 + Level 2.2 Evocations


You had 21 spell levels left.
You knew the following spells:

 Your Spells              Type           Power      Damage    Failure   Level
a - Foxfire               Conj/Fire      100%       2x1d9     0%          1
b - Scorch                Fire           100%       2d9       0%          2
c - Inner Flame           Hex/Fire       58%        N/A       1%          3
d - Flame Wave            Conj/Fire      70%        2d16      1%          4
e - Starburst             Conj/Fire      35%        6d10      1%          6

Your spell library contained the following spells:

 Spells                   Type           Power      Damage    Failure   Level
 Magic Dart               Conj           100%       1d8       1%          1
 Dazzling Flash           Conj/Hex       100%       N/A       1%          3
 Volatile Blastmotes      Fire/Tloc      100%       2d18      1%          3
 Fulminant Prism          Conj/Hex       26%        3d14      1%          4
 Iskenderun's Battlesphe  Conj           65%        2d11      1%          5
 Leda's Liquefaction      Hex/Erth       12%        N/A       16%         4
 Conjure Ball Lightning   Conj/Air       22%        3x3d6     41%         6
 Leda's Unmaking          Conj/Erth      22%        9d4       41%         6
 Lee's Rapid Deconstruct  Erth           7%         3d7*      71%         5
 Statue Form              Tmut/Erth      10%        N/A       99%         6
 Lehudib's Crystal Spear  Conj/Erth      22%        10d6      100%        8


Dungeon Overview and Level Annotations

Branches:
Dungeon (1/1)

Altars:
Cheibriados
Dithmenos
Elyvilon
Fedhas
Gozag
Hepliaklqana
Kikubaaqudgha
Makhleb
Nemelex Xobeh
Okawaru
Qazlal
Ru
Sif Muna
Trog
Uskayaw
Vehumet
Wu Jian
Xom
Yredelemnul
Zin
The Shining One
Jiyva
Lugonu

Shops:
D (*?[?*[=([


Innate Abilities, Weirdness & Mutations

You cannot wear most types of armour.
You are amphibious.
You can wear up to eight rings at the same time.
Your skin changes colour to match your surroundings (Stealth+).
Your rubbery body absorbs attacks. (AC +1, EV +1)
((You are camouflaged when in or above water. (Stealth+)))
You have tentacles for arms and can constrict up to eight enemies at once.
You do not regenerate when monsters are visible.
You occasionally lose the ability to drink potions when taking damage.


Message History

Unknown command.
Unknown command.
Unknown command.
Unknown command.
Okay, then.
Unknown command.
Casting: Starburst (dangerous; 1% risk of failure)
Confirm with . or Enter, or press ? or * to list all spells.
Okay, then.
Unknown command.
Unknown command.
Unknown command.
Magic courses through your body. Something hits you.
Unknown command.
Casting: Starburst (dangerous; 1% risk of failure)
Confirm with . or Enter, or press ? or * to list all spells.
Casting: Flame Wave (safe; 1% risk of failure)
Press: ? - help, Dir - look around, f - activate A wave of flame ripples out!
The flame wave engulfs something! (Press . to intensify the flame waves.)
Something barely misses you.
Unknown command.
A wave of flame ripples out!
The flame wave engulfs something! x2
Something barely misses you. Something hits you!
You feel threatened and lose the ability to drink potions!
* * * LOW HITPOINT WARNING * * *
Something hits you!
* * * LOW HITPOINT WARNING * * *
Unknown command.
Blink to where?
Press: ? - help, Dir - move target 2 necrophages come into view.
Found six items.
Found three shops.
As you read the scroll of blinking, it crumbles to dust.
You cannot drink potions in your current state!
Okay, then.
Unknown command.
Unknown command.
Something hits you!
You die...

#........#.#'#.#........+.#
#..#.....#.....#''.######.#
#........#..([.#..§.§.§.#§#
#.....#..#######....§§.#'.#
#........##n($!...§.§§§####
#..#.....##n?)......§§§#
#........# #.......~§§##
###''''### ##..~~~§###
#∩......∩# #@######'#
#........##∩∩##
#∩......∩###∩ ########## ##


There were no monsters in sight!

Vanquished Creatures
  2 centaur warriors (D)
  Sonja (D)
  A deep troll (D)
  An oklob plant (D)
  8 shining eyes (D)
  2 kobold demonologists (D)
  A hornet (D)
  A slime creature (D)
  Sigmund (D)
  A yak (D)
  2 redbacks (D)
  6 floating eyes (D)
  An ogre (D)
  5 necrophages (D)
  8 jellies (D)
  Ijyb (D)
  2 ballistomycete spores (D)
44 creatures vanquished.

Vanquished Creatures (others)
  A gargoyle (D)
  63 foxfires (D)
64 creatures vanquished.

Grand Total: 108 creatures vanquished

Notes
Turn   | Place    | Note
-------+----------+-------------------------------------------
     0 | D        | Conn the Octopode Fire Elementalist began the quest for the
                  | Orb.
     0 | D        | Reached XP level 1. HP: 11/11 MP: 3/3
     3 | D        | Noticed Ijyb
    15 | D        | Killed Ijyb
    16 | D        | Reached skill level 1 in Unarmed Combat
    16 | D        | Reached skill level 4 in Fire Magic
    16 | D        | Reached XP level 2. HP: 6/17 MP: 1/6
    16 | D        | Reached XP level 3. HP: 7/21 MP: 1/7
    73 | D        | Noticed an ogre
    81 | D        | Killed an ogre
    82 | D        | Reached skill level 6 in Fire Magic
    82 | D        | Reached XP level 4. HP: 27/27 MP: 4/9
   127 | D        | Learned a level 2 spell: Scorch
   131 | D        | Learned a level 3 spell: Inner Flame
   136 | D        | Learned a level 4 spell: Flame Wave
   145 | D        | Noticed Sigmund
   148 | D        | Killed Sigmund
   149 | D        | Reached skill level 5 in Spellcasting
   149 | D        | Reached skill level 5 in Conjurations
   149 | D        | Reached skill level 8 in Fire Magic
   149 | D        | Reached XP level 5. HP: 31/31 MP: 2/12
   149 | D        | Reached XP level 6. HP: 36/36 MP: 2/13
   251 | D        | Found a shimmering blue altar of Sif Muna.
   252 | D        | Found an ornate altar of the Wu Jian Council.
   253 | D        | Found a radiant altar of Vehumet.
   259 | D        | Became a worshipper of Sif Muna the Loreminder
   290 | D        | Found Wuiro's Armour Emporium.
   290 | D        | Found an ancient bone altar of Kikubaaqudgha.
   290 | D        | Found a hazy altar of Hepliaklqana.
   290 | D        | Found a stormy altar of Qazlal.
   290 | D        | Found a hide-covered altar of Uskayaw.
   290 | D        | Found a blossoming altar of Fedhas.
   290 | D        | Found a bloodstained altar of Trog.
   290 | D        | Found an iron altar of Okawaru.
   290 | D        | Found a basalt altar of Yredelemnul.
   290 | D        | Found a glowing golden altar of the Shining One.
   290 | D        | Found a snail-covered altar of Cheibriados.
   290 | D        | Found a sacrificial altar of Ru.
   290 | D        | Found a glowing silver altar of Zin.
   290 | D        | Found a shadowy altar of Dithmenos.
   290 | D        | Found a white marble altar of Elyvilon.
   290 | D        | Noticed a yak
   296 | D        | Killed a yak
   297 | D        | Reached skill level 9 in Fire Magic
   297 | D        | Reached skill level 1 in Evocations
   299 | D        | Found an opulent altar of Gozag.
   300 | D        | Found a sparkling altar of Nemelex Xobeh.
   351 | D        | Noticed Sonja
   352 | D        | Killed Sonja
   353 | D        | Reached skill level 5 in Dodging
   353 | D        | Reached skill level 11 in Fire Magic
   353 | D        | Reached XP level 7. HP: 41/41 MP: 12/18
   353 | D        | Reached XP level 8. HP: 46/46 MP: 12/19
   433 | D        | Found Xicots's Weapon Boutique.
   453 | D        | Noticed a deep troll
   464 | D        | Killed a deep troll
   464 | D        | Reached * piety under Sif Muna
   465 | D        | Reached skill level 12 in Fire Magic
   477 | D        | Found Rapleaxt's Armour Emporium.
   579 | D        | Found a burning altar of Makhleb.
   579 | D        | Found a viscous altar of Jiyva.
   579 | D        | Found a shimmering altar of Xom.
   579 | D        | Found a corrupted altar of Lugonu.
   579 | D        | Noticed a slime creature
   587 | D        | Killed a slime creature
   647 | D        | Noticed a kobold demonologist
   649 | D        | Noticed a kobold demonologist
   652 | D        | Killed a kobold demonologist
   652 | D        | Reached ** piety under Sif Muna
   653 | D        | Reached skill level 1 in Throwing
   653 | D        | Reached skill level 5 in Unarmed Combat
   653 | D        | Reached skill level 13 in Fire Magic
   653 | D        | Reached XP level 9. HP: 51/51 MP: 10/22
   654 | D        | Killed a kobold demonologist
   655 | D        | Reached skill level 1 in Hexes
   820 | D        | Noticed a shining eye
   820 | D        | Noticed a shining eye
   820 | D        | Noticed a shining eye
   825 | D        | Paralysed by a floating eye for 2 turns
   830 | D        | Paralysed by a floating eye for 4 turns
   843 | D        | Paralysed by a floating eye for 4 turns
   849 | D        | Paralysed by a floating eye for 2 turns
   853 | D        | Paralysed by a floating eye for 2 turns
   859 | D        | Noticed a shining eye
   861 | D        | Paralysed by a floating eye for 3 turns
   865 | D        | Paralysed by a floating eye for 2 turns
   869 | D        | Paralysed by a floating eye for 4 turns
   875 | D        | Paralysed by a floating eye for 4 turns
   881 | D        | Paralysed by a floating eye for 2 turns
   886 | D        | Paralysed by a floating eye for 3 turns
   891 | D        | Paralysed by a floating eye for 4 turns
   898 | D        | Killed a shining eye
   898 | D        | Paralysed by a floating eye for 2 turns
   899 | D        | Reached skill level 10 in Spellcasting
   899 | D        | Reached skill level 10 in Conjurations
   899 | D        | Killed a shining eye
   899 | D        | Reached *** piety under Sif Muna
   900 | D        | Reached skill level 14 in Fire Magic
   903 | D        | Paralysed by a floating eye for 4 turns
   904 | D        | Noticed a shining eye
   908 | D        | Paralysed by a floating eye for 2 turns
   912 | D        | Reached XP level 10. HP: 57/57 MP: 2/25
   915 | D        | Paralysed by a floating eye for 3 turns
   926 | D        | Paralysed by a floating eye for 3 turns
   926 | D        | Noticed a shining eye
   934 | D        | Paralysed by a floating eye for 2 turns
   938 | D        | Paralysed by a floating eye for 3 turns
   943 | D        | Noticed a shining eye
   947 | D        | Paralysed by a floating eye for 4 turns
   957 | D        | Paralysed by a floating eye for 3 turns
   964 | D        | Paralysed by a floating eye for 2 turns
   969 | D        | Paralysed by a floating eye for 2 turns
   973 | D        | Paralysed by a floating eye for 3 turns
   980 | D        | Paralysed by a floating eye for 4 turns
   987 | D        | Paralysed by a floating eye for 2 turns
   996 | D        | Paralysed by a floating eye for 3 turns
  1002 | D        | Paralysed by a floating eye for 3 turns
  1011 | D        | Paralysed by a floating eye for 4 turns
  1019 | D        | Paralysed by a floating eye for 3 turns
  1027 | D        | Paralysed by a floating eye for 4 turns
  1033 | D        | Paralysed by a floating eye for 2 turns
  1043 | D        | Paralysed by a floating eye for 4 turns
  1050 | D        | Paralysed by a floating eye for 3 turns
  1054 | D        | Reached **** piety under Sif Muna
  1055 | D        | Gained mutation: You occasionally lose the ability to drink
                  | potions when taking damage. [a shining eye]
  1056 | D        | Killed a shining eye
  1057 | D        | Killed a shining eye
  1060 | D        | Killed a shining eye
  1061 | D        | Reached skill level 15 in Fire Magic
  1223 | D        | Killed a shining eye
  1223 | D        | Killed a shining eye
  1286 | D        | Killed a gargoyle
  1300 | D        | Noticed a shining eye
  1303 | D        | Gained mutation: You do not regenerate when monsters are
                  | visible. [a shining eye]
  1322 | D        | Killed a shining eye
  1322 | D        | Reached ***** piety under Sif Muna
  1323 | D        | Reached skill level 1 in Invocations
  1336 | D        | Found Inis's General Store.
  1336 | D        | Found Livosi's Magic Scroll Shop.
  1336 | D        | Found Miugg's Magic Scroll Emporium.
  1336 | D        | Found Guisumm's General Store.
  1341 | D        | Bought a scroll of acquirement for 520 gold pieces
  1456 | D        | Noticed a centaur warrior
  1464 | D        | Noticed a centaur warrior
  1472 | D        | Killed a centaur warrior
  1572 | D        | Killed a centaur warrior
  1572 | D        | Received a gift from Sif Muna
  1573 | D        | Reached XP level 11. HP: 38/62 MP: 21/28
  1575 | D        | Got Qiasoir's Incunabulum of Red-Hot Bombardment {god gift}
  1583 | D        | Learned a level 6 spell: Starburst
  1708 | D        | Noticed an oklob plant
  1812 | D        | Killed an oklob plant
  1813 | D        | Reached skill level 16 in Fire Magic
  1987 | D        | Paralysed by a floating eye for 4 turns
  2000 | D        | Reached skill level 1 in Fighting
  2006 | D        | Received a gift from Sif Muna
  2007 | D        | Reached skill level 5 in Invocations
  2151 | D        | Found Ughes's Jewellery Shoppe.
  2151 | D        | Found Coakem's Antique Armour Shop.
  2151 | D        | Found Nipicz Zate's Weapon Boutique.
  2152 | D        | Slain by an unseen horror

Illustrated notes

Levels and vault maps discovered:
D:        dungeon_sprint_1 [red_sonja_temple_1, red_sonja_temple_small_1]

Skill      XL: |  1  2  3  4  5  6  7  8  9 10 11 |
---------------+----------------------------------+-----
Unarmed Combat | 1 2 3 4 5 |  5.1
Spellcasting   | 3 5 7 9 11 13 | 13.7
Conjurations   | 2 4 5 8 9 10 12 | 12.7
Fire Magic     | 4 6 8 11 13 14 15 16 | 16.2
Dodging        | 3 4 5 |  5.9
Evocations     | 1 2 |  2.2
Throwing       | 1 |  1.6
Hexes          | 2 4 |  4.2
Invocations    | 3 5 |  5.5
Fighting       | 1 |  1.0
Short Blades   | |  0.3
Stealth        | |  2.6

Action                     |  1- 3 |  4- 6 |  7- 9 | 10-12 || total
---------------------------+-------+-------+-------+-------++-------
  Melee: Unarmed           |    11 |       |       |       ||    11
         Constrict         |     1 |       |       |     3 ||     4
         Tentacles         |     1 |       |       |     1 ||     2
         Dagger            |       |       |       |     8 ||     8
         Punch             |       |       |       |     1 ||     1
  Throw: Dart              |       |       |     2 |     1 ||     3
   Cast: Foxfire           |     5 |     5 |     7 |    28 ||    45
         Scorch            |       |     6 |     9 |    16 ||    31
         Inner Flame       |       |     1 |    11 |    12 ||    24
         Flame Wave        |       |       |     3 |     7 ||    10
         Starburst         |       |       |       |    12 ||    12
  Evoke: Wand              |     2 |       |       |     1 ||     3
    Use: Potion            |     1 |       |       |     1 ||     2
         Scroll            |       |       |       |     1 ||     1
 Armour: Skin              |       |       |       |     2 ||     2
  Dodge: Dodged            |     3 |     1 |     3 |    12 ||    19

Table legend: (Time is in decaauts)
 A = Elapsed time spent in this place.
 B = Non-inter-level travel time spent in this place.
 C = Inter-level travel time spent in this place.
 D = Time resting spent in this place.
 E = Time spent auto-exploring this place.
 F = Levels seen in this place.
 G = Mean time per level.
                   A        B        C        D        E       F      G
               +--------+--------+--------+--------+--------+-----+--------+
         Total |   2160 |   2160 |      0 |   1131 |      0 |   1 | 2160.0 |
       Dungeon |   2160 |   2160 |      0 |   1131 |      0 |   1 | 2160.0 |
               +--------+--------+--------+--------+--------+-----+--------+

Top non-repeatable levels by time:
       D: 2160 daAuts
